 Dungeon Crawl Stone Soup version 0.20.0-1-g1cb1d84 (webtiles) character file.

102 FakerFangirl the Cudgeler (level 4, -5/38 HPs)
             Began as a Draconian Fighter on May 26, 2017.
             Was an Initiate of Cheibriados.
             Slain by a gnoll
             ... wielding a +0 spear
              (10 damage)
             ... on level 2 of the Dungeon.
             The game lasted 00:01:49 (2028 turns).

FakerFangirl the Cudgeler (Draconian Fighter)       Turns: 2028, Time: 00:01:49

Health: -5/38      AC:  5    Str: 20    XL:     4   Next: 50%
Magic:  4/4        EV: 10    Int:  9    God:    Cheibriados [......]
Gold:   79         SH:  9    Dex: 12    Spells: 3/3 levels left

rFire    . . .     SeeInvis .   Y - +0 flail
rCold    . . .     Gourm    .   b - +0 shield
rNeg     . . .     Faith    .   (armour unavailable)
rPois    .         Spirit   .   (helmet restricted)
rElec    .         Reflect  .   (no cloak)
rCorr    .         Harm     .   (no gloves)
MR       .....                  (no boots)
Stlth    +.........             (no amulet)
Regen    0.2/turn               (no ring)
MPRegen  0.1/turn               (no ring)

@: lethally poisoned (-5 -> -18), very slow
A: unfitting armour, cold-blooded, AC +5
a: Bend Time, Renounce Religion


You were on level 2 of the Dungeon.
You worshipped Cheibriados.
Cheibriados was noncommittal.
You were not hungry.

You visited 1 branch of the dungeon, and saw 3 of its levels.

You collected 79 gold pieces.


Innate Abilities, Weirdness & Mutations

Your plain brown scales are hard. (AC +5)
You cannot fit into any form of body armour.
You are cold-blooded and may be slowed by cold attacks.


   Skills:
 - Level 3.2 Fighting
 + Level 4.8 Maces & Flails
 - Level 2.6 Dodging
 - Level 3.0 Shields


You had 3 spell levels left.
You didn't know any spells.

Inventory:

Hand Weapons
 Y - a +0 flail (weapon)
Armour
 b - a +0 shield (worn)
Jewellery
 f - a +4 ring of dexterity {unknown}
Potions
 c - a potion of might
 h - a potion of heal wounds {unknown}
 i - a potion of berserk rage {unknown}
 k - a potion of curing {unknown}
Comestibles
 d - 3 bread rations
 j - a meat ration

Dungeon Overview and Level Annotations

Branches:
Dungeon (3/15)

Altars:
Cheibriados


Message History

You tail-slap the gnoll, but do no damage.
The gnoll is moderately wounded.
You feel very sick. The gnoll barely misses you. You block the gnoll's attack.
You sock the gnoll!
You kill the gnoll!
Cheibriados appreciates the change of pace.
You feel sick. You block the gnoll's attack.
You closely miss the gnoll.
You feel sick. The gnoll closely misses you.
You hit the gnoll.
The gnoll is heavily wounded.
You feel sick. You block the gnoll's attack. x2
You hit the gnoll.
The gnoll is almost dead.
You feel sick. You block the gnoll's attack.
You closely miss the gnoll.
The gnoll is almost dead.
You feel sick. The gnoll hits you with a spear!
You die...

#.......77.77####.#.#.#.....
#........777# #.#.#.#.....
#........##.#####.#)#.#.....
#........##.##....#...#.....
#.........#......######.....
#######.......)########.....
#........)......#....#
#....)..#.......<##[.# ###
#....@).#......).....# ..#
#.....g.#........#...# ..#
#.......######.......# ..#
#.......# ##......# ..#
#.......# #......# ..#
#.......# #......# .##
#.......# #......# .#
######### #....... .#
#####.....##


You could see a gnoll.

Vanquished Creatures
  Jessica (D:2)
  2 adders (D:2)
  2 gnolls (D:2)
  An ooze (D:2)
  A worm (D:2)
  A bat (D:2)
  4 giant cockroaches
  3 goblins
  4 hobgoblins
  3 jackals (D:2)
  3 frilled lizards (D:2)
  3 kobolds
  5 rats
33 creatures vanquished.

Notes
Turn   | Place    | Note
-------+----------+-------------------------------------------
     0 | D:1      | FakerFangirl the Draconian Fighter began the quest for the Orb.
     0 | D:1      | Reached XP level 1. HP: 19/19 MP: 1/1
     0 | D:1      | 0 ||| counter = 94
   522 | D:1      | Reached XP level 2. HP: 26/26 MP: 2/2
   746 | D:1      | 746 ||| READING scroll labeled VEQEETW ATEV.
   749 | D:1      | 749 ||| READING scroll labeled CATUZA YXUMI.
   750 | D:1      | 750 ||| READING scroll labeled QIATAZXURCH.
   751 | D:1      | 751 ||| READING scroll labeled AKUIDARILA.
   907 | D:2      | Reached skill level 3 in Maces & Flails
  1015 | D:2      | Noticed Jessica
  1053 | D:2      | Killed Jessica
  1053 | D:2      | Reached skill level 4 in Maces & Flails
  1053 | D:2      | Reached XP level 3. HP: 23/31 MP: 3/3
  1195 | D:2      | Found a snail-covered altar of Cheibriados.
  1201 | D:2      | Became a worshipper of Cheibriados the Contemplative
  1480 | D:2      | Reached XP level 4. HP: 30/38 MP: 4/4
  1740 | D:2      | 1740 ||| READING scroll labeled CAQEETYUJO.
  1741 | D:2      | 1741 ||| READING scroll labeled RYENEP ZANYVUH.
  1762 | D:3      | 1762 ||| STAIRDANCE
  1766 | D:2      | HP: 9/38 [gnoll/halberd (10)]
  1773 | D:2      | HP: 7/38 [poisoned by a gnoll]
  1781 | D:2      | HP: 6/38 [poisoned by a gnoll]
  2018 | D:3      | 2018 ||| STAIRDANCE
  2026 | D:2      | HP: 9/38 [poisoned by a gnoll]
  2028 | D:2      | Slain by a gnoll

Vault maps used:
D:1:      mushboom_english_gardens, kennysheep_flooded_box,
          serial_bayou_crossing
D:2:      nicolae_overflow_crystal_walls, serial_forest,
          infiniplex_forest_clump_medium, infiniplex_forest_side_room,
          infiniplex_forest_clump_tiny, infiniplex_forest_straight_4,
          infiniplex_forest_clump_curved, infiniplex_forest_straight_2,
          uniq_jessica
D:3:      nicolae_gozag_zags_fifth_avenue, minmay_unequal

Skill      XL: |  1  2 |
---------------+-------+-----
Maces & Flails | 4 |  4.8
Fighting       | |  3.2
Dodging        | |  2.6
Shields        | |  3.0

Action                   |  1- 3 |  4- 6 || total
-------------------------+-------+-------++-------
Melee: Flail             |    99 |    26 ||   125
       Tailslap          |     9 |     5 ||    14
  Use: Scroll            |     4 |     2 ||     6
  Eat: Chunk             |     2 |     2 ||     4
Armor: Skin              |    28 |     7 ||    35
Dodge: Dodged            |    38 |    17 ||    55
Block: Shield            |    35 |    17 ||    52
